 Dungeon Crawl Stone Soup version 0.29.1-1-gd02db6906a (webtiles) character file.

Game seed: 7871586038866364908

69 Gabide the Grave Robber (level 4, -3/33 HPs)
             Began as a Mummy Necromancer on Oct 20, 2022.
             Killed from afar by an orc wizard (7 damage)
             ... with a magic dart
             ... on level 3 of the Dungeon.
             The game lasted 00:03:44 (2352 turns).

Gabide the Grave Robber (Mummy Necromancer)         Turns: 2352, Time: 00:03:44

Health: -3/33      AC:  2    Str: 11    XL:     4   Next: 2%
Magic:  3/8        EV: 12    Int: 14    God:
Gold:   205        SH:  0    Dex: 14    Spells: 5/9 levels left

rFire   x . .      SeeInvis .   (no weapon)
rCold   + . .      Faith    .   (no shield)
rNeg    + + +      Spirit   .   a - +0 robe
rPois   ∞          Reflect  .   (no helmet)
rElec   .          Harm     .   (no cloak)
rCorr   .          Rampage  .   (no gloves)
Will    .....                   (no boots)
Stlth   ++........              (no amulet)
HPRegen 0.11/turn               (no ring)
MPRegen 0.11/turn               (no ring)

@: no status effects
A: cold resistance 1, negative energy resistance 3, torment resistance 2, heat
vulnerability 1, in touch with death 1, no potions
a: no special abilities


You were on level 3 of the Dungeon.
You visited 1 branch of the dungeon, and saw 3 of its levels.

You collected 205 gold pieces.

Inventory:

Missiles
 c - 5 boomerangs
Armour
 a - a +0 robe (worn)
Scrolls
 b - 2 scrolls of identify
 d - a scroll of noise


   Skills:
 + Level 1.7 Fighting
 + Level 2.2 Dodging
 - Level 2.0 Stealth
 - Level 3.0 Spellcasting
 + Level 4.4 Necromancy


You had 5 spell levels left.
You knew the following spells:

 Your Spells              Type           Power      Damage    Failure   Level
a - Necrotise             Necr           84%        1d8       3%          1
b - Vampiric Draining     Necr           21%        2d7       11%         3

Your spell library contained the following spells:

 Spells                   Type           Power      Damage    Failure   Level
 Animate Dead             Necr           21%        N/A       34%         4
 Agony                    Necr           21%        N/A       67%         5


Dungeon Overview and Level Annotations

Branches:
Dungeon (3/15)

Altars:


Innate Abilities, Weirdness & Mutations

You are immune to poison.
Your flesh is cold resistant. (rC+)
You are immune to negative energy. (rN+++)
You are immune to unholy pain and torment.
You are vulnerable to heat. (rF-)
You are in touch with the powers of death.
You do not drink.


Message History

You feel a surge of power!
Something writhes in agony!
Your orc skeleton hits something but does no damage.
Something hits your orc skeleton.
Unknown command.
You miss something.
Your orc skeleton barely misses something.
Something hits you.
You closely miss something.
Your orc skeleton hits something but does no damage.
A puff of flame appears from out of thin air!
The puff of flame hits your orc skeleton!
Your orc skeleton is destroyed!
You barely miss something.
You hear a shout!
You hear some strange, mumbled words.
You are confused.
You can't drink.
You are too confused!
You closely miss something. Something hits you.
You bump into the rock wall.
Something hits you.
You bump into the rock wall.
Something barely misses you.
You bump into the rock wall.
Something hits you.
* * * LOW HITPOINT WARNING * * *
You are too confused!
You hit something but do no damage. Something hits you but does no damage.
You miss something.
You feel less confused. Something hits you but does no damage.
As you read the scroll labelled YRUGHE SAELISI, it crumbles to dust.
It is a scroll of identify.
d - a scroll of noise Something barely misses you.
Something hits you.
* * * LOW HITPOINT WARNING * * *
Something hits you.
* * * LOW HITPOINT WARNING * * *
Something hits you.
* * * LOW HITPOINT WARNING * * *
A magic dart appears from out of thin air!
The magic dart hits you!
You die...

### ### ###
#.#####.#######.#
#.)...#<@..{....#
#.###.#########.#
#.# #...........#
#o# #############
#)).oo# #####.#


There were no monsters in sight!

Vanquished Creatures
  An orc priest (D:3)
  An adder (D:2)
  2 orcs (D:3)
  2 endoplasms
  2 hobgoblins (D:1)
  4 kobolds
  3 quokkas
  3 ball pythons
  2 bats (D:1)
  A frilled lizard (D:2)
  6 goblins
27 creatures vanquished.

Notes
Turn   | Place    | Note
-------+----------+-------------------------------------------
     0 | D:1      | Gabide the Mummy Necromancer began the quest for the Orb.
     0 | D:1      | Reached XP level 1. HP: 13/13 MP: 4/4
   324 | D:1      | Reached XP level 2. HP: 20/20 MP: 1/5
  1026 | D:1      | Found a faded altar of an unknown god.
  1026 | D:1      | Noticed a soul eater
  1382 | D:2      | Reached skill level 1 in Fighting
  1382 | D:2      | Gained mutation: You are in touch with the powers of death.
                  | [Mummy growth]
  1382 | D:2      | Reached XP level 3. HP: 24/26 MP: 1/7
  1943 | D:2      | Learned a level 3 spell: Vampiric Draining
  2302 | D:3      | Reached XP level 4. HP: 30/33 MP: 0/8
  2352 | D:3      | Killed from afar by an orc wizard

Illustrated notes

Levels and vault maps discovered:
D:1:      evilmike_arrival_plus, layout_loops_ring,
          dreamdust_ecumenical_altar_sealed_demon, serial_bayou_pond_b,
          fountainhead, serial_bayou_pond_b, grunt_decor_mini_mirrors
D:2:      layout_basic
D:3:      layout_basic, nzn_wu_jian_council_hall, uniq_natasha

Skill      XL: |  1  2  3 |
---------------+----------+-----
Stealth        | 2 |  2.0
Spellcasting   | 3 |  3.0
Fighting       | 1 |  1.7
Dodging        | 2 |  2.2
Necromancy     | |  4.4

Action                   |  1- 3 |  4- 6 || total
-------------------------+-------+-------++-------
Melee: Unarmed           |     9 |    23 ||    32
 Cast: Necrotise         |    58 |     3 ||    61
       Vampiric Draining |     1 |       ||     1
  Use: Scroll            |       |     1 ||     1
Armor: Robe              |     1 |     3 ||     4
Dodge: Dodged            |    13 |    13 ||    26
